 Dungeon Crawl Stone Soup version 0.17-a0-1-g1f4be75 (console) character file.

2149 Fusha the Stinger (level 9, -2/54 HPs)
             Began as a Halfling Venom Mage on Mar 13, 2015.
             Slain by an orc knight
             ... wielding a +3 trident
              (25 damage)
             ... in a bailey.
             The game lasted 00:37:55 (9303 turns).

Fusha the Stinger (Halfling Venom Mage)             Turns: 9303, Time: 00:37:55

Health: -2/54      AC:  3    Str:  8    XL:     9   Next: 56%
Magic:  3/20       EV: 25    Int: 17    God:
Gold:   93         SH:  0    Dex: 19    Spells: 2 memorised, 12 levels left

rFire  . . .     SeeInvis .     G - staff of death
rCold  . . .     Clarity  .     D - +0 robe (curse)
rNeg   + . .     SustAb   .     (no shield)
rPois  .         Gourm    .     F - +0 helmet
rElec  .         Spirit   .     (no cloak)
rCorr  .         Warding  .     (no gloves)
rMut   .         Stasis   .     (no boots)
MR     .....                    (no amulet)
Stlth  +++.......               A - +6 ring of evasion
                                s - +4 ring of dexterity

@: very slightly contaminated, not resistant to hostile enchantments, fairly
stealthy
A: mutation resistance 1
a: no special abilities


You were in a bailey.
You were not hungry.

You visited 1 branch of the dungeon, and saw 7 of its levels.
You also visited: Bailey.

You collected 265 gold pieces.
You spent 172 gold pieces at shops.

Inventory:

Hand weapons
 e - a +0 club
 i - a +2 dagger of venom
Missiles
 d - 34 stones (quivered)
 l - 46 poisoned needles
 n - 2 throwing nets
Armour
 a - a +0 robe
 D - a cursed +0 robe (worn)
 E - a +1 hat
 F - a +0 helmet (worn)
Magical staves
 G - an uncursed staff of death (weapon)
Jewellery
 s - a +4 ring of dexterity (left hand)
 A - a +6 ring of evasion (right hand)
Magical devices
 g - a wand of confusion (22)
 x - a wand of slowing (33)
 y - a wand of confusion (19)
Scrolls
 f - a scroll of enchant weapon {unknown}
 m - 2 scrolls of teleportation
 o - a scroll of noise {unknown}
 p - 3 scrolls of remove curse
 q - a scroll of immolation {unknown}
 r - 2 scrolls of blinking {unknown}
 u - a scroll of amnesia {unknown}
 z - 3 scrolls of recharging
 B - a scroll of fog {unknown}
Potions
 c - 3 potions of curing
 h - a potion of poison
 j - 2 potions of restore abilities
 t - a potion of lignification
 v - 2 potions of agility
 w - a potion of brilliance
Books
 b - a Young Poisoner's Handbook

   Spells                             Type                      Level
   a - Sting                          Conjuration/Poison           1
   b - Cure Poison                    Poison                       2
   c - Mephitic Cloud                 Conjuration/Poison/Air       3
   d - Olgreb's Toxic Radiance        Poison                       4
   e - Venom Bolt                     Conjuration/Poison           5
Comestibles
 k - a bread ration


   Skills:
 + Level 1.7 Fighting
 + Level 2.9 Short Blades
 + Level 5.9 Dodging
 + Level 4.6 Stealth
 + Level 4.4 Spellcasting
 + Level 4.3 Conjurations
 + Level 6.6 Poison Magic


You had 12 spell levels left.
You knew the following spells:

 Your Spells              Type           Power        Failure   Level  Hunger
a - Sting                 Conj/Pois      ###.         1%          1    None
b - Mephitic Cloud        Conj/Pois/Air  ###.....     12%         3    ###....


Dungeon Overview and Level Annotations

Branches:
Dungeon (7/15)             Temple (0/1) D:4

Altars:
Dithmenos
Trog

Shops:
D:5 *   D:6 [   D:7 [


Innate Abilities, Weirdness & Mutations

You are small and have problems with some larger weapons.
You are somewhat resistant to further mutation.


Message History

Aiming: Sting
Press: ? - help, Shift-Dir - straight line, f - orc knight
Aim: an orc knight, wielding an enchanted trident and wearing a plate armour (moderately wounded, poisoned, bewildered and confused)
The sting hits the orc knight.
The orc knight is moderately wounded.
The orc knight seems less confused.
The orc knight roars a battlecry!
The orc warrior goes into a battle-frenzy!
The orc warrior shoots a bolt.
The bolt completely misses you.
You see here a bolt.
Press: ? - help, v - describe, . - travel
Here: an orc knight, wielding an enchanted trident and wearing a plate armour (moderately wounded, poisoned)
The floor, spattered with blood.
Unknown command.
Drink which item? (? for menu, Esc to quit)
Okay, then.
There is an empty arch of ancient stone here.
There is a gate leading back out of this place here.
The orc knight hits you from afar with an enchanted trident!!
You die...

### # #########@## #.
##..(.(##(∩(# . #!.
#.(≈≈≈.(#o..#..≈≈≈
#.§.#.≈≈)≈≈.(.....≈≈)≈≈.
#...'o≈.))≈.......≈).)≈
#|..#.≈≈)≈≈.......≈≈)≈≈
#[..#..≈≈≈..#...#..≈≈≈.
#[. ##.....##...##....
##. #########∩## ###


You could see an orc knight.

Vanquished Creatures
  The ghost of Pereza0 the Slasher, an average HuGl of Dithmenos (D:3)
  The ghost of Pereza0 the Slasher, an average HEGl of Ashenzari (D:4)
  7 orc warriors
  A sky beast (D:6)
  2 eyes of draining (D:5)
  An ogre (D:5)
  Sigmund (D:2)
  2 scorpions
  A crimson imp (D:5)
  An iguana (D:5)
  2 orc priests
  A giant frog zombie (D:5)
  2 hounds
  2 orc wizards
  5 worker ants
  Ijyb (D:2)
  Robin (D:2)
  6 gnolls
  6 adders
  A shadow imp (D:4)
  6 worms
  An adder skeleton (D:4)
  3 oozes
  27 orcs
  11 bats
  A bat skeleton (D:4)
  4 giant cockroaches
  26 goblins
  12 hobgoblins
  14 jackals
  11 kobolds
  A ball python (D:1)
  5 giant geckos
  4 giant newts
  4 quokkas
  10 rats
185 creatures vanquished.

Notes
Turn   | Place    | Note
--------------------------------------------------------------
     0 | D:1      | Fusha, the Halfling Venom Mage, began the quest for the Orb.
     0 | D:1      | Reached XP level 1. HP: 11/11 MP: 2/2
   519 | D:1      | Reached skill level 4 in Poison Magic
   519 | D:1      | Reached XP level 2. HP: 6/17 MP: 0/3
  1154 | D:1      | Reached XP level 3. HP: 14/21 MP: 0/5
  2046 | D:2      | Noticed Ijyb
  2070 | D:2      | Killed Ijyb
  2070 | D:2      | Reached XP level 4. HP: 16/27 MP: 0/6
  2309 | D:2      | Noticed Sigmund
  2976 | D:3      | Reached XP level 5. HP: 32/32 MP: 6/9
  3279 | D:2      | Reached skill level 1 in Conjurations
  3808 | D:3      | Noticed Pereza0's ghost (average HuGl)
  3858 | D:3      | Reached XP level 6. HP: 37/37 MP: 7/11
  4190 | D:2      | Killed Sigmund
  4190 | D:2      | Reached skill level 5 in Poison Magic
  4439 | D:2      | Noticed Robin
  4463 | D:2      | Killed Robin
  5387 | D:4      | Reached XP level 7. HP: 34/42 MP: 9/13
  5461 | D:4      | Noticed Pereza0's ghost (average HEGl)
  5538 | D:4      | Killed Pereza0's ghost
  5538 | D:4      | Reached skill level 1 in Short Blades
  5696 | D:4      | Found a staircase to the Ecumenical Temple.
  5777 | D:4      | Learned a level 3 spell: Mephitic Cloud
  5948 | D:5      | Entered Level 5 of the Dungeon
  6085 | D:3      | Killed Pereza0's ghost
  6085 | D:3      | Reached skill level 1 in Fighting
  6276 | D:5      | Reached XP level 8. HP: 48/48 MP: 5/16
  7129 | D:5      | Found Twycveo's Assorted Antiques.
  7137 | D:5      | Bought a scroll of identify for 50 gold pieces
  7210 | D:5      | Found a bloodstained altar of Trog.
  7254 | D:5      | Reached skill level 5 in Dodging
  7945 | D:6      | Reached XP level 9. HP: 52/54 MP: 9/19
  8207 | D:6      | Found a shadowy altar of Dithmenos.
  8502 | D:6      | Found Koruon's Antique Armour Shop.
  8512 | D:6      | Bought a runed robe for 18 gold pieces
  8512 | D:6      | Bought a glowing hat for 104 gold pieces
  8718 | D:7      | Reached skill level 6 in Poison Magic
  8795 | D:7      | Found Ahoextyv's Armour Boutique.
  8823 | D:7      | Found a flagged portal.
  8869 | Bailey   | Entered a bailey
  9277 | Bailey   | Noticed an orc knight
  9303 | Bailey   | Slain by an orc knight

Action                   |  1- 3 |  4- 6 |  7- 9 || total
-------------------------+-------+-------+-------++-------
Melee: Unarmed           |     9 |       |       ||     9
       Club              |    49 |    17 |       ||    66
       Dagger            |       |    83 |   211 ||   294
       Staff             |       |       |    18 ||    18
 Cast: Sting             |    61 |   145 |   170 ||   376
       Mephitic Cloud    |       |       |     5 ||     5
  Use: Scroll            |       |     5 |     6 ||    11
       Potion            |       |     2 |     2 ||     4
 Stab: Sleeping          |       |     1 |     8 ||     9
  Eat: Bread ration      |     1 |     1 |       ||     2
       Chunk             |       |     1 |     2 ||     3
       Beef jerky        |       |     1 |     1 ||     2
       Meat ration       |       |     1 |     1 ||     2
       Pizza             |       |     1 |     1 ||     2
       Fruit             |       |       |     4 ||     4
